[Event "Monday 16 April Rapid Engine Tour 12+1 Rounds 9 Starts 1600ST"]
[Site "Infinity Chess"]
[Date "2018.4.16"]
[Round "4"]
[White "KQRBNP"]
[Black "Eman"]
[Result "1/2-1/2"]
[ECO "D00"]
[WhiteElo "2409"]
[BlackElo "2466"]
[WhiteEngine "Eman 1.70-beta21 64-bit POPCNT"]
[BlackEngine "Eman 1.70-beta21 64-bit POPCNT"]
[EventType "Swiss"]
[WhiteTeam ""]
[BlackTeam ""]
[PlyCount "232"]
[TimeControl "720+1"]

1. d4 d5 2. Bf4 Nf6 3. e3 c5 4. c3 Nc6 5. Nd2 e6 6. Ngf3 Bd6 7. Bg3 O-O 
8. Bd3 b6 9. O-O Bxg3 10. hxg3 h6 11. Ne5 Bb7 12. Nxc6 Bxc6 13. Nf3 Nd7 
14. Re1 Qc7 15. e4 dxe4 16. Bxe4 Bxe4 17. Rxe4 Nf6 18. Re5 cxd4 19. Qxd4 Rfd8 
20. Qf4 Rd6 21. Re2 Rad8 22. Rd2 h5 23. c4 Qc5 24. Rxd6 Rxd6 25. Re1 Rd7 
26. Qe3 Qb4 27. Qe2 Ng4 28. a3 Qd6 29. Qc2 a5 30. Qa4 Rc7 31. Qe8+ Qf8 
32. Qb5 Qc5 33. Qxc5 Rxc5 34. Nd2 a4 35. f3 Nf6 36. Kf2 Kf8 37. Ke3 Re5+ 
38. Kf2 Rc5 39. Ke3 Re5+ 40. Kf2 Ra5 41. Ke3 Rg5 42. Kf4 Rf5+ 43. Ke3 Ke7 
44. Re2 Nd7 45. f4 Rf6 46. Nf3 Rg6 47. Kf2 Rh6 48. Re3 Rh8 49. Ke2 Nc5 
50. Kd2 Rd8+ 51. Kc3 Rd1 52. Kb4 Kd6 53. Re2 Kc6 54. Rd2 Rxd2 55. Nxd2 Nd3+ 
56. Kxa4 Nxb2+ 57. Kb3 Nd3 58. Nf3 Kd6 59. a4 f6 60. Kc3 Nc5 61. Kb4 e5 
62. Kb5 e4 63. Nd4 g6 64. Nc2 Nd7 65. Ne3 f5 66. Nd5 Nc5 67. Kxb6 Nxa4+ 
68. Kb5 Nc5 69. Ne3 Nd7 70. Nc2 Nf6 71. Kb6 Ke6 72. Kc6 Ke7 73. c5 Ne8 
74. Ne3 Kd8 75. Nc2 Ke7 76. Kb7 Ke6 77. Ne3 Ke7 78. c6 Kd6 79. Kb6 Ke6 
80. Kc5 Nd6 81. Nd1 Ne8 82. Nc3 e3 83. Ne2 Ke7 84. Kd5 Nc7+ 85. Kd4 Ne8 
86. Kd3 Nf6 87. Kxe3 Kd6 88. Kd3 Nd5 89. Kd4 Nc7 90. Kd3 Kxc6 91. Nd4+ Kd5 
92. Ke3 Ne8 93. Nf3 Kd6 94. Ne5 Nf6 95. Nxg6 Kd5 96. Nh4 Ke6 97. Nf3 Ne4 
98. Nd4+ Kf6 99. Nb3 Nd6 100. Nc5 Nb5 101. Kf2 Nc3 102. Kg1 Nd5 103. Kh2 Ne3 
104. Nd3 Ke6 105. Kh3 Nf1 106. Kh4 Kd6 107. Nb4 Kc5 108. Na2 Ne3 109. Kxh5 Nxg2 
110. Nb4 Ne1 111. Na2 Ng2 112. Kg5 Kd4 113. Nb4 Ke4 114. Nc2 Kf3 115. Kf6 Kxg3 
116. Kxf5 Nxf4 1/2-1/2

[Event "Monday 16 April Rapid Engine Tour 12+1 Rounds 9 Starts 1600ST"]
[Site "Infinity Chess"]
[Date "2018.4.16"]
[Round "4"]
[White "KhalidOmar"]
[Black "hafaba"]
[Result "1/2-1/2"]
[ECO "C77"]
[WhiteElo "2467"]
[BlackElo "2459"]
[WhiteEngine "Eman 1.70-beta21 64-bit BMI2"]
[BlackEngine "Eman 1.70-beta21 64-bit POPCNT_CTG"]
[EventType "Swiss"]
[WhiteTeam ""]
[BlackTeam ""]
[PlyCount "107"]
[TimeControl "720+1"]

1. e4 e5 2. Nf3 Nc6 3. Bb5 a6 4. Ba4 Nf6 5. O-O Be7 6. Re1 b5 7. Bb3 O-O 
8. c3 d5 9. exd5 Nxd5 10. Nxe5 Nxe5 11. Rxe5 c6 12. Re1 Bd6 13. d3 Bf5 
14. Qf3 Qh4 15. g3 Qh3 16. Be3 Bxd3 17. Nd2 Qf5 18. a4 h6 19. Bd4 Rae8 
20. Kg2 Qxf3+ 21. Kxf3 Rxe1 22. Rxe1 bxa4 23. Bxa4 c5 24. Be5 Bxe5 25. Rxe5 Nb6 
26. Bc6 Rc8 27. Bb7 Rb8 28. Be4 Bxe4+ 29. Rxe4 Kf8 30. h4 g6 31. h5 gxh5 
32. Rh4 Kg7 33. Rxh5 Na4 34. b3 Nxc3 35. Rxc5 Rd8 36. Nc4 Rb8 37. Na5 Nb5 
38. Rc4 Nd6 39. Rf4 h5 40. Ke2 Rb5 41. b4 Kg6 42. Nc6 Kg5 43. Kd3 Rd5+ 
44. Rd4 Rxd4+ 45. Nxd4 Kg4 46. Ke3 Nb5 47. Nxb5 axb5 48. Ke4 f6 49. Kd4 Kf3 
50. Kc5 Kxf2 51. Kxb5 Kxg3 52. Ka4 Kf2 53. b5 h4 54. b6 1/2-1/2

[Event "Monday 16 April Rapid Engine Tour 12+1 Rounds 9 Starts 1600ST"]
[Site "Infinity Chess"]
[Date "2018.4.16"]
[Round "4"]
[White "HerzsjeMZ"]
[Black "SkyPilot"]
[Result "1/2-1/2"]
[ECO "C55"]
[WhiteElo "2459"]
[BlackElo "2500"]
[WhiteEngine "S_XPrO.020418.64.POPCNT"]
[BlackEngine "stockfish_x64_bmi2_2018_04_07_CTG"]
[EventType "Swiss"]
[WhiteTeam ""]
[BlackTeam ""]
[PlyCount "128"]
[TimeControl "720+1"]

1. e4 e5 2. Nf3 Nc6 3. Bc4 Nf6 4. d3 Bc5 5. c3 d6 6. O-O O-O 7. Nbd2 a5 
8. Re1 h6 9. Nf1 a4 10. h3 Bd7 11. Bb5 Ne7 12. Bxd7 Qxd7 13. Ng3 Bb6 14. d4 Rfe8 
15. Be3 Qb5 16. Rb1 exd4 17. cxd4 d5 18. e5 Ne4 19. Nh4 Nxg3 20. fxg3 g5 
21. Kh1 Qd7 22. Nf3 Nf5 23. Bf2 Rf8 24. Qd3 Ng7 25. Nh2 f6 26. Ng4 fxe5 
27. Rxe5 Qd6 28. Be1 h5 29. Nh2 Rae8 30. Rxg5 Qe6 31. Re5 Qc6 32. Rg5 Qe6 
33. Re5 Qc6 34. Rxe8 Rxe8 35. Bc3 Qc4 36. Qf3 Rf8 37. Qe3 Qxa2 38. Rg1 a3 
39. bxa3 Qxa3 40. Qd2 Qe7 41. Re1 Qf6 42. Qd3 Nf5 43. g4 Nd6 44. gxh5 Ne4 
45. Ng4 Qf4 46. Rd1 Qg3 47. Qxg3 Nxg3+ 48. Kh2 Nxh5 49. Ne5 Rf4 50. Nd7 Ba7 
51. g4 Rf2+ 52. Kg1 Rc2 53. gxh5 Rxc3 54. Nf6+ Kf7 55. Nxd5 Rxh3 56. Nxc7 Rxh5 
57. Rb1 Bxd4+ 58. Kg2 b6 59. Na8 Rg5+ 60. Kf3 b5 61. Nc7 b4 62. Rxb4 Be5 
63. Nd5 Ke6 64. Rb5 Kd6 1/2-1/2

[Event "Monday 16 April Rapid Engine Tour 12+1 Rounds 9 Starts 1600ST"]
[Site "Infinity Chess"]
[Date "2018.4.16"]
[Round "4"]
[White "Murx"]
[Black "RonWeasley"]
[Result "1/2-1/2"]
[ECO "C11"]
[WhiteElo "2517"]
[BlackElo "2465"]
[WhiteEngine "asmFishW_2018-04-07_popcnt"]
[BlackEngine "BrainFish 090218_CTG"]
[EventType "Swiss"]
[WhiteTeam ""]
[BlackTeam ""]
[PlyCount "178"]
[TimeControl "720+1"]

1. e4 e6 2. d4 d5 3. Nc3 Nf6 4. e5 Nfd7 5. f4 c5 6. Nf3 Nc6 7. Be3 cxd4 
8. Nxd4 Qb6 9. Qd2 Qxb2 10. Rb1 Qa3 11. Bb5 Nxd4 12. Bxd4 a6 13. Bxd7+ Bxd7 
14. Rb3 Qe7 15. Rxb7 Rc8 16. O-O Qd8 17. Qf2 Rxc3 18. Bxc3 Qc8 19. Rb3 Ba4 
20. Bd4 Bxb3 21. axb3 Be7 22. c3 O-O 23. b4 Qc6 24. Ra1 Bd8 25. h4 Bc7 26. h5 h6 
27. g4 a5 28. g5 axb4 29. gxh6 gxh6 30. Kh1 Kh8 31. Rg1 Rg8 32. Rxg8+ Kxg8 
33. Qg1+ Kf8 34. Bc5+ Ke8 35. Qg8+ Kd7 36. Qxf7+ Kc8 37. Qg8+ Kb7 38. cxb4 Qa6 
39. Kg1 Qd3 40. Qxe6 Qg3+ 41. Kf1 Qxf4+ 42. Ke1 Qe4+ 43. Kd1 Qd3+ 44. Kc1 Qc3+ 
45. Kb1 Qb3+ 46. Ka1 Qa3+ 47. Kb1 Qf3 48. Kb2 Qd3 49. Qd7 Qe4 50. Qb5+ Kc8 
51. e6 Qxe6 52. Kc2 Qf5+ 53. Kb3 Qb1+ 54. Ka3 Qc1+ 55. Ka4 Qa1+ 56. Kb3 Qd1+ 
57. Ka2 Qc2+ 58. Ka3 Qc3+ 59. Ka4 Qc2+ 60. Ka3 Qc3+ 61. Ka2 Qf3 62. Qe8+ Kb7 
63. Qd7 Kb8 64. Qa4 Qe2+ 65. Kb1 Qf1+ 66. Ka2 Qc4+ 67. Kb1 Qd3+ 68. Ka2 Qd2+ 
69. Ka3 Qc3+ 70. Ka2 Qc4+ 71. Ka3 Qd3+ 72. Ka2 Kc8 73. Qa8+ Kd7 74. Qb7 Qc2+ 
75. Ka1 Kd8 76. Qxd5+ Kc8 77. b5 Qa4+ 78. Kb2 Qxb5+ 79. Ka1 Qa4+ 80. Kb1 Qb5+ 
81. Ka1 Bh2 82. Qd4 Kc7 83. Qg7+ Kc6 84. Qxh6+ Kd5 85. Bd4 Qa4+ 86. Kb1 Qxd4 
87. Qg5+ Be5 88. Qd8+ Ke6 89. Qxd4 Bxd4 1/2-1/2

[Event "Monday 16 April Rapid Engine Tour 12+1 Rounds 9 Starts 1600ST"]
[Site "Infinity Chess"]
[Date "2018.4.16"]
[Round "4"]
[White "KRAKEN"]
[Black "Longin"]
[Result "1/2-1/2"]
[ECO "E10"]
[WhiteElo "2519"]
[BlackElo "2453"]
[WhiteEngine "Raubfisch X38b_CTG"]
[BlackEngine "Raubfisch ME262_GTZ17b_CTG"]
[EventType "Swiss"]
[WhiteTeam ""]
[BlackTeam ""]
[PlyCount "182"]
[TimeControl "720+1"]

1. d4 Nf6 2. c4 e6 3. Nf3 d5 4. Nc3 c6 5. Bg5 h6 6. Bxf6 Qxf6 7. e3 Nd7 
8. Be2 Qd8 9. Qc2 Be7 10. O-O O-O 11. Rac1 a6 12. Bd3 dxc4 13. Bxc4 b6 
14. Rfd1 Bb7 15. Be2 Qb8 16. Ne1 Qa7 17. Bf3 Rac8 18. Qb1 a5 19. Nd3 Rfd8 
20. Nf4 Nf6 21. a3 Ba6 22. Qc2 Qb8 23. Ne4 Nd5 24. Nd3 Bb5 25. a4 Ba6 
26. Qb1 Qc7 27. Ne5 c5 28. b3 Bb7 29. g3 Ba8 30. Nd2 Bf6 31. Ng4 Be7 32. Ne5 Bf6 
33. Ng4 Bg5 34. Ne4 Be7 35. Ne5 Bb7 36. Nd2 Bf6 37. Ng4 Bg5 38. Ne4 Be7 
39. Ne5 Rb8 40. Nd2 Bf6 41. Ng4 Bg5 42. Ne4 Be7 43. Ne5 Ba8 44. Bh5 Rf8 
45. Bf3 Rbd8 46. Nd2 Qb8 47. Qd3 cxd4 48. exd4 Ba3 49. Rb1 Bd6 50. Ndc4 Bc7 
51. Rbc1 b5 52. axb5 Qxb5 53. Nb2 Qb8 54. Nbc4 Qb5 55. Nd2 Qb8 56. Ndc4 Ne7 
57. Bxa8 Qxa8 58. Qf3 Qxf3 59. Nxf3 Rb8 60. Ne3 Bd6 61. d5 exd5 62. Rd3 Ba3 
63. Rcd1 Bb2 64. Rb1 Bf6 65. Ng4 Rfc8 66. Nxf6+ gxf6 67. Nd4 Kf8 68. Re1 Ng6 
69. Kg2 Ne5 70. Rd2 h5 71. f4 Nc6 72. Nxc6 Rxc6 73. Rxd5 Rxb3 74. Rxa5 h4 
75. Ra8+ Kg7 76. Ree8 f5 77. Rh8 Rc2+ 78. Kh3 hxg3 79. hxg3 Kf6 80. Rh6+ Kg7 
81. Rhh8 f6 82. Rag8+ Kf7 83. Rf8+ Kg6 84. Rfg8+ Kf7 85. Re8 Rb1 86. Rhf8+ Kg6 
87. Rg8+ Kh6 88. Rh8+ Kg7 89. Rhg8+ Kh6 90. Rh8+ Kg7 91. Rhg8+ Kh6 1/2-1/2

[Event "Monday 16 April Rapid Engine Tour 12+1 Rounds 9 Starts 1600ST"]
[Site "Infinity Chess"]
[Date "2018.4.16"]
[Round "4"]
[White "ocirema"]
[Black "Marsell"]
[Result "1-0"]
[ECO "C55"]
[WhiteElo "2461"]
[BlackElo "2485"]
[WhiteEngine "asmFishW_2018-04-11_popcnt_CTG"]
[BlackEngine "BrainFish_180408_x64_bmi2"]
[EventType "Swiss"]
[WhiteTeam ""]
[BlackTeam ""]
[PlyCount "205"]
[TimeControl "720+1"]

1. e4 e5 2. Nf3 Nc6 3. Bc4 Nf6 4. d3 Bc5 5. O-O d6 6. c3 O-O 7. h3 a6 8. Re1 Ba7 
9. a4 h6 10. Nbd2 Nh5 11. Nf1 Qf6 12. N1h2 Qg6 13. g4 Be6 14. Bb3 Nf6 
15. Nh4 Qh7 16. Bc2 g6 17. Qf3 Nd7 18. Qg3 Na5 19. Ra3 c5 20. N2f3 Kh8 21. g5 h5 
22. Ng2 Qg7 23. Ne3 Rae8 24. Kh1 Rg8 25. Bd2 Bb6 26. Rg1 Rc8 27. Nh4 Bd8 
28. Qg2 f6 29. Nd5 Qf7 30. f4 f5 31. c4 Nc6 32. exf5 Bxf5 33. Rf1 Nd4 
34. Bd1 Rf8 35. Ne3 Qe6 36. Nexf5 Nxf5 37. Nxf5 Qxf5 38. Be2 Be7 39. fxe5 Qe6 
40. exd6 Bxd6 41. Raa1 Be5 42. Bf3 b6 43. Rae1 Qd6 44. Bc3 Rce8 45. Bd5 Rxf1+ 
46. Qxf1 Rf8 47. Qg1 Rf5 48. Be4 Rf8 49. Qg3 Kh7 50. Bxe5 Nxe5 51. Bd5 Nxc4 
52. Qxd6 Nxd6 53. Re7+ Kh8 54. Re6 Rd8 55. Rxg6 a5 56. Kh2 Kh7 57. Re6 h4 
58. Kg2 Kg7 59. Kf2 Nf7 60. Be4 Kf8 61. Rf6 Ke7 62. Rf5 Nd6 63. Re5+ Kf7 
64. Bd5+ Kg6 65. Ke3 Nf7 66. Be4+ Kh5 67. Re6 Nxg5 68. Bg6+ Kh6 69. Rxb6 Kg7 
70. Bf5 Nf7 71. Rg6+ Kf8 72. Rc6 Re8+ 73. Be4 c4 74. Rxc4 Rb8 75. Rc5 Rxb2 
76. Rxa5 Nd6 77. Bd5 Rh2 78. Ra7 Rc2 79. a5 Ke8 80. a6 Rc5 81. Ra8+ Kd7 
82. a7 Ra5 83. Rh8 Nf5+ 84. Ke4 Rxa7 85. Kxf5 Ra3 86. Be4 Ke7 87. Rxh4 Ra5+ 
88. Kf4 Ra1 89. Rh6 Rf1+ 90. Ke5 Rb1 91. Rh7+ Ke8 92. Bf5 Rb5+ 93. Kf6 Kd8 
94. Rd7+ Kc8 95. Rd5+ Kb7 96. Rxb5+ Kc6 97. Re5 Kc7 98. Ke6 Kb6 99. Kd7 Kb7 
100. Kd6 Kb6 101. Bc8 Ka7 102. Kc7 Ka8 103. Ra5# 1-0

[Event "Monday 16 April Rapid Engine Tour 12+1 Rounds 9 Starts 1600ST"]
[Site "Infinity Chess"]
[Date "2018.4.16"]
[Round "4"]
[White "Katzenmaier"]
[Black "xeonrocks"]
[Result "1/2-1/2"]
[ECO "A22"]
[WhiteElo "2507"]
[BlackElo "2562"]
[WhiteEngine "Raubfisch X36b"]
[BlackEngine "Stockfish_x64_bmi2_CTG"]
[EventType "Swiss"]
[WhiteTeam ""]
[BlackTeam ""]
[PlyCount "127"]
[TimeControl "720+1"]

1. c4 e5 2. Nc3 Nf6 3. Nf3 Nc6 4. e4 Bb4 5. d3 d6 6. a3 Bxc3+ 7. bxc3 h6 
8. g3 Na5 9. Bg2 O-O 10. O-O c6 11. Ne1 d5 12. cxd5 cxd5 13. exd5 Bg4 
14. Qa4 Be2 15. c4 b6 16. Bd2 Nb7 17. Qc2 Re8 18. Nf3 e4 19. dxe4 Bxf1 
20. Rxf1 Nxe4 21. Bf4 Qf6 22. Ne5 Ned6 23. Nc6 Nf5 24. Be4 Nd4 25. Nxd4 Qxd4 
26. Bh7+ Kh8 27. Bf5 Qc5 28. a4 Nd6 29. Bd3 Kg8 30. Kg2 Rac8 31. Rc1 Rc7 
32. Qb3 Rce7 33. Rd1 Rc8 34. h4 Ne4 35. Be3 Qc7 36. Qb2 Nd6 37. Rc1 Qd7 
38. Qc2 Ree8 39. Bh7+ Kh8 40. Bd3 Kg8 41. Qd1 Rxe3 42. fxe3 Rc5 43. e4 f6 
44. Qe2 Qe8 45. Rc2 Qe5 46. Qg4 Nf7 47. Qf5 Qe7 48. e5 Nxe5 49. Qh7+ Kf8 
50. Re2 Qf7 51. g4 Qg8 52. Qf5 Qf7 53. g5 Nxd3 54. Qxd3 hxg5 55. hxg5 Qh5 
56. gxf6 Qg4+ 57. Kf1 Rxc4 58. fxg7+ Kg8 59. Qe3 Qf5+ 60. Ke1 Qb1+ 61. Kf2 Qf5+ 
62. Ke1 Qb1+ 63. Kf2 Qf5+ 64. Ke1 1/2-1/2

[Event "Monday 16 April Rapid Engine Tour 12+1 Rounds 9 Starts 1600ST"]
[Site "Infinity Chess"]
[Date "2018.4.16"]
[Round "3"]
[White "star99"]
[Black "CrapCleaner"]
[Result "1/2-1/2"]
[ECO "D02"]
[WhiteElo "2396"]
[BlackElo "2476"]
[WhiteEngine "Cryptic Heroes 9.4B"]
[BlackEngine "asmFishW_9_bmi2_CTG"]
[EventType "Swiss"]
[WhiteTeam ""]
[BlackTeam ""]
[PlyCount "158"]
[TimeControl "720+1"]

1. d4 d5 2. Nf3 Nf6 3. c4 e6 4. e3 c6 5. b3 Nbd7 6. Bb2 b6 7. Bd3 Bb7 8. O-O Bd6 
9. Re1 O-O 10. Nbd2 h6 11. e4 dxe4 12. Nxe4 Nxe4 13. Bxe4 Nf6 14. Bc2 c5 
15. Ne5 cxd4 16. Qd3 Bc5 17. Rad1 Qe7 18. a3 a5 19. Bxd4 Rfd8 20. Bxc5 bxc5 
21. Qe3 Nd7 22. Rxd7 Rxd7 23. Nxd7 Qxd7 24. Rd1 Qc6 25. Qg3 Kf8 26. h3 Rc8 
27. Bd3 Qc7 28. Qe3 Rd8 29. Be2 Rxd1+ 30. Bxd1 Kg8 31. Bg4 Qd6 32. Qc3 Qc7 
33. Bf3 Bxf3 34. Qxf3 f5 35. Qa8+ Kf7 36. g3 Qb6 37. Qf3 Ke7 38. Qc3 Kf7 
39. h4 Qc7 40. Qd2 Kg6 41. Kh2 Kf7 42. h5 Kg8 43. Qc3 Kf8 44. Kg1 Kf7 
45. Qd3 Kf6 46. Kh2 Qb6 47. Qc3+ Kf7 48. Qd3 Kf6 49. Kg2 Qc6+ 50. Kg1 Qb6 
51. a4 Qc7 52. Kf1 Kf7 53. Kg2 Qb7+ 54. Kh2 Qc7 55. Kg1 Kf6 56. Kf1 Kf7 
57. Qc3 Qb6 58. Ke2 Qc6 59. Kd2 Qe4 60. f3 Qb1 61. Qxa5 Qxb3 62. Qc7+ Kg8 
63. Qxc5 Qxa4 64. Kc3 Kh7 65. f4 Qa1+ 66. Kb4 Qe1+ 67. Ka4 Qxg3 68. Qc7 Qc3 
69. c5 Qc2+ 70. Ka3 Qd3+ 71. Kb4 Qd4+ 72. Kb5 Qd3+ 73. Kc6 Qd5+ 74. Kb6 Qb3+ 
75. Ka5 Qa3+ 76. Kb5 Qd3+ 77. Ka4 Qc4+ 78. Ka5 Qc3+ 79. Kb5 Qd3+ 1/2-1/2

[Event "Monday 16 April Rapid Engine Tour 12+1 Rounds 9 Starts 1600ST"]
[Site "Infinity Chess"]
[Date "2018.4.16"]
[Round "3"]
[White "Thinker"]
[Black "Seliga"]
[Result "1/2-1/2"]
[ECO "C50"]
[WhiteElo "2432"]
[BlackElo "2457"]
[WhiteEngine "BrainFish_180411_x64_modern_CTG"]
[BlackEngine "SF9 ''A5''_CTG"]
[EventType "Swiss"]
[WhiteTeam ""]
[BlackTeam ""]
[PlyCount "179"]
[TimeControl "720+1"]

1. e4 e5 2. Nf3 Nc6 3. Bc4 Bc5 4. O-O Nf6 5. d3 O-O 6. c3 a5 7. d4 Bb6 
8. dxe5 Ng4 9. Bf4 Qe8 10. Qd5 Ne7 11. Qd2 Ng6 12. Be2 f6 13. e6 dxe6 14. Bg3 e5 
15. Na3 Be6 16. Nc4 Qc6 17. Nxb6 Qxb6 18. b3 Nh6 19. Qc2 Nf7 20. Nd2 Nd6 
21. a4 Qc5 22. h3 Rfe8 23. Rfe1 Rab8 24. Qb2 Qc6 25. Qc2 Qc5 26. Qb2 Ra8 
27. Qc2 Rad8 28. Bg4 Bf7 29. Bh5 Be6 30. Bg4 Bf7 31. Bh5 Rb8 32. Kh2 b6 
33. f3 Red8 34. Nf1 b5 35. Reb1 bxa4 36. Rxa4 Nb5 37. Rc1 Na3 38. Qa2 Rxb3 
39. c4 Rdb8 40. Be1 Nxc4 41. Nd2 Rb2 42. Raxc4 Bxc4 43. Qxc4+ Qxc4 44. Nxc4 Rb1 
45. Rxb1 Rxb1 46. Bxa5 Ra1 47. Bd2 Ra2 48. Bg4 Kf7 49. Be3 Nf4 50. Nd2 Ra3 
51. Nf1 Rc3 52. Kg3 h5 53. Bc8 h4+ 54. Kh2 Rc2 55. Nd2 Ne6 56. Bb7 g5 
57. Kg1 Rc3 58. Nf1 Ke7 59. Ba6 Nf4 60. Kh2 Rc2 61. Nd2 Rc3 62. Bg1 Nd3 
63. Nc4 Nf4 64. Ne3 Kd7 65. g3 Nd3 66. gxh4 gxh4 67. Bxd3 Rxd3 68. Kg2 c5 
69. Bf2 Ke6 70. Nc4 Rc3 71. Ne3 c4 72. Kf1 Rc1+ 73. Ke2 c3 74. Bxh4 Rh1 
75. Nc2 Rh2+ 76. Bf2 Rxh3 77. Be1 Rh2+ 78. Kd3 Rh3 79. Ke3 f5 80. Bxc3 fxe4 
81. Kxe4 Rh4+ 82. Kd3 Rh3 83. Ke4 Rh4+ 84. Ke3 Rc4 85. Kd3 Rf4 86. Ne1 Ra4 
87. Ke3 Rc4 88. Kd2 e4 89. fxe4 Rxe4 90. Kd3 1/2-1/2

[Event "Monday 16 April Rapid Engine Tour 12+1 Rounds 9 Starts 1600ST"]
[Site "Infinity Chess"]
[Date "2018.4.16"]
[Round "3"]
[White "IronMan"]
[Black "Deep_Impact"]
[Result "1/2-1/2"]
[ECO "E53"]
[WhiteElo "2468"]
[BlackElo "2386"]
[WhiteEngine "Eman 1.70-beta21 64-bit BMI2"]
[BlackEngine "asmFishW_2018-04-07_bmi2"]
[EventType "Swiss"]
[WhiteTeam ""]
[BlackTeam ""]
[PlyCount "111"]
[TimeControl "720+1"]

1. d4 d5 2. c4 e6 3. Nc3 Nf6 4. Bg5 Be7 5. cxd5 Nxd5 6. Bxe7 Qxe7 7. g3 Nxc3 
8. bxc3 c5 9. Bg2 O-O 10. e3 Nd7 11. Ne2 Rb8 12. Qa4 a6 13. Qa3 e5 14. O-O b6 
15. Rfd1 Re8 16. Rab1 Nf6 17. h3 h5 18. Rb2 a5 19. dxe5 Qxe5 20. Nf4 Ba6 
21. Nd3 Qc7 22. Qa4 c4 23. Nf4 b5 24. Qc2 Red8 25. a3 Qc5 26. Ra2 Qe7 
27. Qe2 Bb7 28. Bxb7 Qxb7 29. Rad2 Rxd2 30. Qxd2 Qe7 31. Qb2 Qc5 32. h4 Re8 
33. Rd4 g6 34. Qc1 Re5 35. Kg2 Qe7 36. Qb1 Ng4 37. Qc1 Kg7 38. Kg1 a4 
39. Qb2 Re4 40. Nd5 Qe5 41. Qd2 Kg8 42. Kg2 Rxd4 43. Qxd4 Qd6 44. Nb4 Qe6 
45. e4 Qe7 46. f3 Ne5 47. Qb6 Nd3 48. Nc2 Qe5 49. Nd4 Kg7 50. Kh2 Ne1 
51. Qa7 Qd6 52. Kh3 Kg8 53. Qa8+ Kg7 54. Qa7 Kg8 55. Qa8+ Kg7 56. Qa7 1/2-1/2

[Event "Monday 16 April Rapid Engine Tour 12+1 Rounds 9 Starts 1600ST"]
[Site "Infinity Chess"]
[Date "2018.4.16"]
[Round "3"]
[White "KQRBNP"]
[Black "hafaba"]
[Result "1/2-1/2"]
[ECO "A09"]
[WhiteElo "2407"]
[BlackElo "2461"]
[WhiteEngine "Eman 1.70-beta21 64-bit POPCNT"]
[BlackEngine "Eman 1.70-beta21 64-bit POPCNT_CTG"]
[EventType "Swiss"]
[WhiteTeam ""]
[BlackTeam ""]
[PlyCount "114"]
[TimeControl "720+1"]

1. Nf3 d5 2. c4 e6 3. d4 Nf6 4. g3 Bb4+ 5. Bd2 Be7 6. Bg2 O-O 7. O-O c6 
8. Bf4 dxc4 9. Ne5 Nd5 10. Nxc4 Nxf4 11. gxf4 Nd7 12. e3 Qc7 13. Nc3 b6 
14. Rc1 Ba6 15. Qa4 Bb7 16. Qc2 Rfd8 17. a3 Rac8 18. Rfd1 Nf8 19. Qe4 f5 
20. Qc2 Bf6 21. h3 g5 22. fxg5 Bxg5 23. Ne5 Bf6 24. f4 c5 25. Bxb7 Qxb7 
26. Qg2+ Qxg2+ 27. Kxg2 cxd4 28. exd4 Ng6 29. Kf3 Ne7 30. Rg1+ Ng6 31. Ke3 Bg7 
32. Nf3 Ne7 33. Rcd1 Nc6 34. d5 exd5 35. Nxd5 Kh8 36. b4 Rd7 37. b5 Ne7 
38. Nb4 Rdc7 39. Ng5 Rc3+ 40. Kf2 Rxa3 41. Rd7 Ng6 42. Rgd1 Rc4 43. Rd8+ Nf8 
44. Nd5 Rc2+ 45. Kf1 h6 46. Ne6 Rxh3 47. Kg1 Rg3+ 48. Kh1 Ra2 49. Nxf8 Bf6 
50. Ng6+ Kg7 51. Nxf6 Rh3+ 52. Kg1 Rg3+ 53. Kf1 Rf3+ 54. Ke1 Re3+ 55. Kf1 Rf3+ 
56. Ke1 Re3+ 57. Kf1 Rf3+ 1/2-1/2

[Event "Monday 16 April Rapid Engine Tour 12+1 Rounds 9 Starts 1600ST"]
[Site "Infinity Chess"]
[Date "2018.4.16"]
[Round "3"]
[White "Eman"]
[Black "KhalidOmar"]
[Result "1/2-1/2"]
[ECO "C50"]
[WhiteElo "2466"]
[BlackElo "2467"]
[WhiteEngine "Eman 1.70-beta21 64-bit POPCNT"]
[BlackEngine "Eman 1.70-beta21 64-bit BMI2"]
[EventType "Swiss"]
[WhiteTeam ""]
[BlackTeam ""]
[PlyCount "68"]
[TimeControl "720+1"]

1. e4 e5 2. Nf3 Nc6 3. Bc4 Bc5 4. O-O Nf6 5. Re1 Ng4 6. Rf1 Nf6 7. d3 d6 
8. c3 a5 9. Bb3 O-O 10. Re1 h6 11. h3 Ba7 12. Nbd2 b5 13. a4 b4 14. Bc4 Be6 
15. Bb5 Ne7 16. d4 c6 17. Bd3 Ng6 18. Nf1 Nh5 19. Be3 Ngf4 20. N1h2 exd4 
21. cxd4 Nxd3 22. Qxd3 Nf6 23. Rac1 Rc8 24. Nd2 Nd7 25. Nhf3 d5 26. Bf4 Re8 
27. exd5 Bxd5 28. Rxe8+ Qxe8 29. Nc4 Qd8 30. Bg3 Ra8 31. Bh4 Qc7 32. Bg3 Qd8 
33. Bh4 Qc7 34. Bg3 Qd8 1/2-1/2

[Event "Monday 16 April Rapid Engine Tour 12+1 Rounds 9 Starts 1600ST"]
[Site "Infinity Chess"]
[Date "2018.4.16"]
[Round "3"]
[White "HerzsjeMZ"]
[Black "RonWeasley"]
[Result "1/2-1/2"]
[ECO "C11"]
[WhiteElo "2459"]
[BlackElo "2465"]
[WhiteEngine "S_XPrO.020418.64.POPCNT"]
[BlackEngine "BrainFish 090218_CTG"]
[EventType "Swiss"]
[WhiteTeam ""]
[BlackTeam ""]
[PlyCount "114"]
[TimeControl "720+1"]

1. e4 e6 2. d4 d5 3. Nc3 Nf6 4. e5 Nfd7 5. f4 c5 6. Nf3 Nc6 7. Be3 cxd4 
8. Nxd4 Qb6 9. Qd2 Qxb2 10. Rb1 Qa3 11. Bb5 Nxd4 12. Bxd4 a6 13. Bxd7+ Bxd7 
14. Rb3 Qe7 15. Rxb7 Rc8 16. O-O Qd8 17. f5 exf5 18. Qd3 Bc5 19. Bxc5 Rxc5 
20. Nxd5 Bc8 21. Re7+ Kf8 22. Qa3 Qa5 23. Qxa5 Rxa5 24. Rc7 Be6 25. Nf4 Rxe5 
26. Nxe6+ Rxe6 27. Rxf5 Re7 28. Rc8+ Re8 29. Rc7 Re7 30. Rc8+ Re8 31. Rfc5 Ke7 
32. R8c6 g6 33. Kf2 Ra8 34. Rc7+ Kf6 35. Rc3 Kg7 36. Rf3 Rhf8 37. Kg3 Rad8 
38. a3 h5 39. h4 Rd4 40. Kh3 a5 41. c4 Rg4 42. g3 Re4 43. c5 Rc4 44. Kg2 Rc2+ 
45. Kh3 Kh6 46. a4 f6 47. Rc6 f5 48. Re3 Rc4 49. Re7 f4 50. Rcc7 Rh8 
51. gxf4 Rxf4 52. c6 Rxa4 53. Rcd7 Rf4 54. Kg3 Rg4+ 55. Kh3 Rf4 56. Kg3 Rg4+ 
57. Kh3 Rf4 1/2-1/2

[Event "Monday 16 April Rapid Engine Tour 12+1 Rounds 9 Starts 1600ST"]
[Site "Infinity Chess"]
[Date "2018.4.16"]
[Round "3"]
[White "Marsell"]
[Black "Mr Aj"]
[Result "1-0"]
[ECO "B90"]
[WhiteElo "2469"]
[BlackElo "2471"]
[WhiteEngine "BrainFish_180408_x64_bmi2"]
[BlackEngine "Houdini 6_CTG"]
[EventType "Swiss"]
[WhiteTeam ""]
[BlackTeam ""]
[PlyCount "209"]
[TimeControl "720+1"]

1. e4 c5 2. Nf3 d6 3. d4 cxd4 4. Nxd4 Nf6 5. Nc3 a6 6. Be3 e5 7. Nb3 Be6 
8. f3 h5 9. Qd2 Nbd7 10. Nd5 Nxd5 11. exd5 Bf5 12. Na5 Be7 13. Be2 Qc7 
14. O-O O-O 15. c4 Nf6 16. b4 Rfe8 17. Rad1 Bd7 18. Rc1 b6 19. Nb3 a5 20. b5 Bf5 
21. Bd3 Bxd3 22. Qxd3 Nd7 23. Nd2 Rac8 24. Kh1 Qd8 25. g4 hxg4 26. fxg4 Bg5 
27. Ne4 Bxe3 28. Qxe3 Nc5 29. Ng3 e4 30. Nf5 Nd3 31. Rc2 Re5 32. a3 Qf6 
33. h3 Rc5 34. h4 Qd8 35. h5 Kh8 36. Kg1 Rc8 37. Kh1 Rc5 38. Kg1 Rc8 39. Kg2 Rc5 
40. Kh1 Rc8 41. Kg1 Rc5 42. Kh1 Rc8 43. Qg3 Qd7 44. Qh3 f6 45. Qe3 Rc5 
46. Kg1 Kg8 47. h6 g5 48. h7+ Kh8 49. Qh3 Qd8 50. Qh5 Rc7 51. Qg6 Re8 
52. Nxd6 Rf8 53. Nxe4 Nf4 54. Rxf4 gxf4 55. Qf5 Rxh7 56. d6 Kg7 57. Rd2 Rfh8 
58. Qxf4 Rh4 59. Kg2 R4h6 60. d7 Qe7 61. Ng3 Rh2+ 62. Kf1 Rxd2 63. Qxd2 Qxa3 
64. Nh5+ Kg6 65. Kg2 Qe7 66. Qd3+ Kf7 67. Nf4 Qe5 68. Kf3 Qa1 69. Qd5+ Kg7 
70. Ne6+ Kg6 71. Qd3+ Kf7 72. d8=N+ Rxd8 73. Nxd8+ Ke7 74. Nc6+ Kf7 75. Qd7+ Kg8 
76. Qd8+ Kg7 77. Qc7+ Kf8 78. Ke4 a4 79. Nd4 Qb1+ 80. Kd5 Qh1+ 81. Kd6 Qh2+ 
82. Kc6 Qg2+ 83. Kxb6 Qxg4 84. Qd8+ Kg7 85. Qe7+ Kg6 86. Qe8+ Kg7 87. Ne6+ Kh6 
88. Qh8+ Kg6 89. Qg7+ Kf5 90. Qxg4+ Kxg4 91. c5 a3 92. Nd4 a2 93. Nc2 f5 
94. c6 f4 95. c7 Kf3 96. c8=Q a1=R 97. Nxa1 Kg3 98. Nc2 f3 99. Qf5 Kf2 
100. Qe5 Kg2 101. Qf4 Kf2 102. Qh2+ Kf1 103. Ne3+ Ke1 104. Qc2 f2 105. Qd1# 1-0